AoeStats
← SeemsFishy

Socotra

506452273Analyzed
4v4 RM · 19d ago on Sep 13, 2026· 36m 0s· 8 players
Game mode
Random Map
Map size
148×148
Population
200
Speed
Normal
Resources
Standard
Victory
Conquest
Starting age
Dark Age
Ending age
Imperial Age
RankedLock teamsTeams togetherTeam positionsShared explorationLock speedFull tech treeHidden civsTurbo modeCheats
Victory
Defeat
🇮🇳 Khitans · India
1453
+12
🇮🇳 Franks · India
1343
+17
🇮🇳 Ethiopians · India
1304
+18
1278
+20
🇬🇧 Malians · United Kingdom
1383
-18
🇩🇴 Ethiopians · Dominican Republic
1364
-17
🇲🇽 Maya · Mexico
1357
-17
🇮🇳 Poles · India
1321
-15
Hyderabad (Ind)
11:09 Feudal Age
11:50 Double-Bit Axe
11:51 Horse Collar
12:30 Gold Mining
15:25 Loom
16:16 Wheelbarrow
15:26 Town Watch
15:56 Fletching
17:02 Padded Archer Armor
21:05 Castle Age
20:44 Stone Mining
21:47 Bodkin Arrow
21:17 Crossbowman
24:26 Ballistics
24:17 Thumb Ring
[T41] Indian War Lord
8:14 Loom
10:16 Feudal Age
11:07 Double-Bit Axe
14:35 Fletching
14:46 Padded Archer Armor
22:00 Horse Collar
25:59 Castle Age
24:56 Gold Mining
26:51 Bow Saw
26:33 Crossbowman
27:09 Bodkin Arrow
27:30 Leather Archer Armor
28:40 Thumb Ring
28:50 Elite Skirmisher
31:35 Heavy Plow
35:21 Wheelbarrow
mayankjainmmj08
5:07 Loom
9:26 Feudal Age
13:11 Forging
14:43 Scale Barding Armor
23:06 Castle Age
23:29 Double-Bit Axe
24:00 Husbandry
24:12 Gold Mining
27:03 Chain Barding Armor
27:19 Iron Casting
31:30 Town Watch
EMPEROR98265292
6:40 Loom
9:19 Feudal Age
15:53 Forging
16:53 Double-Bit Axe
18:22 Scale Barding Armor
25:27 Castle Age
25:41 Light Cavalry
26:21 Husbandry
27:12 Iron Casting
28:49 Chain Barding Armor
30:42 Bow Saw
SeemsFishy
5:53 Loom
9:37 Feudal Age
14:38 Town Watch
23:21 Bloodlines
24:24 Scale Barding Armor
25:18 Forging
29:55 Castle Age
27:58 Horse Collar
29:29 Bloodlines
30:14 Forging
30:08 Double-Bit Axe
PoLaiNas
10:35 Feudal Age
11:01 Double-Bit Axe
16:47 Castle Age
15:09 Gold Mining
17:03 Crossbowman
20:41 Loom
21:32 Wheelbarrow
26:44 Fletching
30:48 Ballistics
30:47 Thumb Ring
30:40 Bodkin Arrow
34:31 Hand Cart
NUR
4:43 Loom
7:19 Loom
10:23 Feudal Age
10:48 Horse Collar
15:49 Bloodlines
15:57 Forging
16:29 Scale Barding Armor
17:25 Double-Bit Axe
26:02 Castle Age
27:13 Wheelbarrow
26:43 Heavy Plow
26:54 Bow Saw
27:42 Iron Casting
27:27 Chain Barding Armor
27:09 Husbandry
28:21 Szlachta Privileges
28:36 Hand Cart
33:17 Town Watch
KOF ChavaAzcona
0:58 Loom
9:26 Feudal Age
10:03 Double-Bit Axe
12:41 Fletching
16:09 Padded Archer Armor
18:55 Gold Mining
22:01 Wheelbarrow
25:52 Castle Age
24:56 Horse Collar
25:54 Crossbowman
26:30 Bodkin Arrow
26:41 Thumb Ring
28:23 Ballistics
28:51 Leather Archer Armor
Connection lost

Rejoining the realm…

Still unreachable

The connection could not be restored.

Session expired

The server has moved on; the page needs a fresh start.